 Dungeon Crawl Stone Soup version 0.28.0 (webtiles) character file.

Game seed: 14872337449826380272

84 multipassport the Gusty (level 4, -4/30 HPs)
             Began as a Human Air Elementalist on Feb 9, 2022.
             Slain by an orc (7 damage)
             ... on level 3 of the Dungeon.
             The game lasted 00:09:24 (2468 turns).

multipassport the Gusty (Human Air Elementalist)    Turns: 2468, Time: 00:09:25

Health: -4/30      AC:  2    Str:  9    XL:     4   Next: 72%
Magic:  0/8        EV: 12    Int: 17    God:
Gold:   90         SH:  0    Dex: 13    Spells: 6/9 levels left

rFire   . . .      SeeInvis .   e - staff of poison
rCold   . . .      Faith    .   (no shield)
rNeg    . . .      Spirit   .   a - +0 robe
rPois   +          Reflect  .   (no helmet)
rElec   .          Harm     .   (no cloak)
rCorr   .          Rampage  .   (no gloves)
Will    .....                   (no boots)
Stlth   ++........              (no amulet)
HPRegen 0.10/turn               (no ring)
MPRegen 0.11/turn               (no ring)

@: very slightly contaminated
A: no striking features
a: no special abilities


You were on level 3 of the Dungeon.
You visited 1 branch of the dungeon, and saw 3 of its levels.

You collected 90 gold pieces.

Inventory:

Armour
 a - a +0 robe (worn)
Magical Staves
 e - a staff of poison (weapon)
 k - a staff of fire
Wands
 j - a wand of flame (5)
Scrolls
 b - a scroll of fog {unknown}
 d - 2 scrolls of identify {unknown}
 g - a scroll of teleportation {unknown}
Potions
 c - a potion of flight {unknown}
 f - 2 potions of resistance {unknown}
 h - a potion of brilliance {unknown}
 i - a potion of lignification {unknown}
 l - a potion of might {unknown}


   Skills:
 - Level 2.0 Dodging
 - Level 2.0 Stealth
 + Level 3.2 Spellcasting
 - Level 1.0 Conjurations
 + Level 4.2 Air Magic


You had 6 spell levels left.
You knew the following spells:

 Your Spells              Type           Power      Damage    Failure   Level
a - Shock                 Conj/Air       44%        1d5       6%          1
b - Static Discharge      Conj/Air       11%        N/A       9%          2

Your spell library contained the following spells:

 Spells                   Type           Power      Damage    Failure   Level
 Swiftness                Air            17%        N/A       9%          3
 Corpse Rot               Necr/Air       18%        N/A       11%         2
 Pain                     Necr           8%         1d4       17%         1
 Airstrike                Air            8%         N/A       30%         4
 Dispel Undead            Necr           2%         3d7       86%         4
 Agony                    Necr           2%         N/A       99%         5
 Excruciating Wounds      Necr           1%         N/A       99%         5
 Death Channel            Necr           1%         N/A       100%        6


Dungeon Overview and Level Annotations

Branches:
Dungeon (3/15)

Altars:

Annotations:
D:3 Grinder


Message History

The orc barely misses you.
Your magical contamination has completely faded away.
You closely miss the orc.
The orc is severely wounded.
The orc hits you with a +0 flail.
Aiming: Shock (safe; 6% risk of failure)
Press: ? - help, Q - select action, (/) - cycle Shift-Dir - straight line The zap hits the orc.
The orc is heavily wounded.
The orc misses you.
You hit the orc.
The orc is almost dead.
The orc barely misses you. The orc hits you with a +0 club.
* * * LOW HITPOINT WARNING * * *
You hit the orc but do no damage.
The orc is almost dead.
The orc closely misses you. The orc hits you with a +0 flail.
* * * LOW HITPOINT WARNING * * *
The orc misses you. The orc hits you with a +0 club.
* * * LOW HITPOINT WARNING * * *
You hit the orc.
You kill the orc!
Grinder blinks!
The orc hits you but does no damage.
Things that are here:
a +0 club; 5 gold pieces You see here a +0 club.
Aiming: Shock (safe; 6% risk of failure)
Press: ? - help, Q - select action, (/) - cycle Shift-Dir - straight line The zap misses the orc.
The zap hits the orc but does no damage.
The orc is severely wounded.
The orc hits you with a +0 flail.
* * * LOW HITPOINT WARNING * * *
Aiming: Shock (safe; 6% risk of failure)
Press: ? - help, Q - select action, (/) - cycle Shift-Dir - straight line You miscast Shock.
You are very lightly contaminated with residual magic.
Nothing appears to happen.
The orc hits you with a +0 flail!
You die...

##################
#..).....#.......#
#)######.#.#####.#
#) #.#.# #.#
#.######.#.#####<#
.........)....##.#
..######.#.##.##.#
.. #.#.##.##@# ..
#.#.....o.#
..####.#### ###
#.# #.# #.# #.#
#.# #.


You could see an orc.

Vanquished Creatures
  An adder (D:2)
  A worm (D:2)
  A dart slug (D:2)
  5 orcs (D:3)
  7 ball pythons
  4 endoplasms
  4 giant cockroaches
  6 goblins
  5 hobgoblins
  3 jackals (D:2)
  4 kobolds
  2 quokkas (D:2)
  4 bats
  5 frilled lizards
  8 rats
60 creatures vanquished.

Vanquished Creatures (others)
  A plant (D:1)
1 creature vanquished.

Grand Total: 61 creatures vanquished

Notes
Turn   | Place    | Note
-------+----------+-------------------------------------------
     0 | D:1      | multipassport the Human Air Elementalist began the quest
                  | for the Orb.
     0 | D:1      | Reached XP level 1. HP: 13/13 MP: 3/3
   210 | D:1      | Reached XP level 2. HP: 19/19 MP: 0/5
   271 | D:1      | Learned a level 2 spell: Static Discharge
   494 | D:1      | Found a faded altar of an unknown god.
   717 | D:1      | Reached XP level 3. HP: 24/24 MP: 0/6
  1674 | D:2      | Reached XP level 4. HP: 30/30 MP: 0/8
  1677 | D:2      | Reached skill level 4 in Air Magic
  2442 | D:3      | Noticed Grinder
  2468 | D:3      | Slain by an orc

Illustrated notes

Levels and vault maps discovered:
D:1:      minmay_arrival_stone_box, layout_rooms,
          dreamdust_ecumenical_altar_grove, dk_noncrumbling_4
D:2:      layout_loops_ring
D:3:      layout_loops_corners, nicolae_overflow_hidden_temple,
          mainiacjoe_overflow_paths, minmay_ogre_servants, uniq_grinder,
          uniq_ijyb, uniq_sigmund

Skill      XL: |  1  2  3  4 |
---------------+-------------+-----
Spellcasting   | 3 |  3.2
Air Magic      | 4 |  4.2
Dodging        | |  2.0
Stealth        | |  2.0
Conjurations   | |  1.0

Action                   |  1- 3 |  4- 6 || total
-------------------------+-------+-------++-------
Melee: Unarmed           |     9 |       ||     9
       Staff             |     2 |    15 ||    17
 Cast: Shock             |    85 |    36 ||   121
       Static Discharge  |       |     1 ||     1
Armor: Robe              |     3 |     3 ||     6
Dodge: Dodged            |     7 |    13 ||    20
